Map: Lerilak Crest

Players

Chernobog - Winner!

  • Race: Protoss Protoss
  • League: Silver

SCIPIO

  • Race: Protoss Protoss
  • League: Silver

VOD

Have the link to the VOD?

Description

Time

  • Played on: Aug. 25, 2015, 8:12 a.m.
  • Length: 16:27
Show
View Real Time Build Order
Export as new Build Order

Chernobog Protoss - Winner!

Build Orders: Oracle Opening 

Get SALT Encoding   

  12  0:01  Probe  
  13  0:15  Pylon  
  13  0:18  Probe  
  14  0:30  Probe  
  15  0:37  Gateway  
  15  0:42  Probe  
  16  0:46  Assimilator  
  16  0:54  Gateway  
  16  0:58  Probe  
  17  1:10  Probe  
  18  1:22  Probe  
  19  1:28  Cybernetics Core  
  19  1:32  Pylon  
  19  1:34  Probe  
  19  1:35  Assimilator  
  20  1:46  Probe  
  21  1:50  Warp Gate  
  21  1:58  Probe  
  22  2:09  Adept  
  22  2:11  Mothership Core  
  22  2:13  Adept  
  28  2:32  Probe  
  28  2:35  Gateway  
  29  2:44  Probe  
  29  2:52  Stargate  
  29  2:56  Probe  
  30  3:17  Probe  
  31  3:24  Pylon  
  31  3:42  Probe  
  31  3:45  Oracle  
  35  3:50  Gateway  
  35  3:54  Stalker x2  
  39  4:11  Nexus  
  39  4:15  Pylon  
  39  4:23  Pylon  
  39  4:33  Probe, Pylon  
  40  4:45  Probe  
  41  4:51  Stalker x4  
  46  4:55  Oracle  
  49  5:05  Probe  
  50  5:14  Fleet Beacon  
  50  5:21  Probe  
  50  5:23  Probe  
  52  5:28  Assimilator  
  52  5:33  Probe  
  53  5:50  Stalker x3  
  53  5:51  Stalker  
  47  6:23  Stalker  
  47  6:24  Stalker, Zealot  
  49  6:40  Gateway x2  
  49  6:43  Probe x2  
  49  6:45  Pylon  
  51  6:47  Tempest  
  55  6:55  Probe x2, Protoss Air Weapons Level 1  
  55  6:57  Forge  
  57  7:03  Zealot  
  57  7:07  Probe x2, Zealot  
  63  7:16  Zealot  
  63  7:17  Zealot  
  63  7:19  Probe  
  68  7:35  Zealot x2  
  72  7:38  Protoss Ground Weapons Level 1  
  72  7:39  Tempest  
  76  7:45  Sentry  
  76  7:48  Probe x2  
  80  7:54  Assimilator  
  80  8:00  Probe x2  
  82  8:12  Probe  
  83  8:25  Stalker x3  
  83  8:26  Stalker x3  
  83  8:52  Twilight Council  
  83  8:54  Zealot  
  85  8:58  Pylon  
  85  9:10  Nexus  
  85  9:15  Pylon  
  69  9:35  Zealot x2  
  69  9:36  Zealot x4  
  81  9:56  Zealot  
  81  9:57  Zealot x2  
  86  10:23  Stalker x4  
  86  10:24  Stalker x2  
  86  10:27  Charge  
  98  10:34  Protoss Ground Weapons Level 2  
  94  11:03  Stalker x2  
  94  11:04  Stalker x4  
  98  11:08  Probe x3  
  105  11:15  Assimilator  
  105  11:18  Assimilator  
  105  11:21  Photon Cannon  
  105  11:25  Gateway, Photon Cannon  
  105  11:28  Gateway  
  105  11:32  Tempest  
  109  11:45  Zealot x2  
  113  11:50  Zealot  
  115  11:58  Stalker  
  117  12:06  Pylon  
  117  12:07  Pylon  
  117  12:24  Stalker  
  117  12:25  Stalker x5  
  129  12:31  Stalker  
  129  12:32  Stalker  
  130  13:21  Stalker  
  132  13:31  Pylon  
  132  13:35  Pylon  
  132  13:37  Pylon  
  132  13:53  Nexus, Pylon  
  132  13:56  Pylon  
  132  13:57  Pylon  
  132  13:59  Assimilator  
  132  14:00  Assimilator  
  128  14:19  Zealot x3  
  128  14:20  Zealot x4  
  128  14:21  Zealot  
  128  14:23  Tempest  
  148  14:41  Probe x3  
  148  14:45  Stalker x2  
  153  14:46  Stalker x5  
  153  14:47  Stalker  
  161  15:09  Gateway  
  161  15:10  Gateway  
  161  15:12  Gateway  
  87  15:36  Stalker x2  
  87  15:37  Stalker x2  
  87  15:38  Stalker x4  
  87  15:39  Tempest  
  107  15:48  Gateway  
  101  16:06  Zealot x2  
  101  16:07  Zealot x2  
  101  16:10  Zealot x3  
  101  16:11  Zealot  
Show
View Real Time Build Order
Export as new Build Order

SCIPIO Protoss 

Build Orders:  

Get SALT Encoding   

  12  0:02  Probe  
  13  0:15  Pylon  
  13  0:18  Probe  
  14  0:30  Probe  
  15  0:40  Gateway  
  15  0:42  Probe  
  16  0:51  Assimilator  
  16  0:54  Probe  
  16  0:55  Assimilator  
  17  1:06  Probe  
  18  1:13  Pylon  
  18  1:18  Probe  
  19  1:27  Cybernetics Core  
  19  1:30  Probe  
  20  1:42  Probe  
  21  1:54  Probe, Warp Gate  
  21  1:59  Nexus  
  22  2:07  Mothership Core  
  24  2:17  Stalker  
  26  2:28  Probe  
  27  2:40  Probe  
  27  2:52  Probe  
  27  2:53  Stalker, Robotics Facility  
  30  3:05  Gateway  
  30  3:27  Probe x2  
  30  3:42  Probe x2  
  30  3:46  Warp Prism  
  34  3:53  Gateway  
  34  3:54  Probe  
  34  3:55  Gateway  
  35  3:58  Pylon  
  35  4:05  Probe  
  35  4:06  Probe  
  37  4:13  Assimilator  
  37  4:17  Probe, Assimilator  
  37  4:18  Probe  
  39  4:25  Immortal  
  43  4:32  Probe x2  
  45  4:40  Pylon  
  45  4:44  Probe x2  
  46  4:56  Probe x2  
  48  5:04  Immortal  
  52  5:08  Probe  
  53  5:16  Probe, Pylon  
  53  5:20  Probe  
  55  5:21  Stalker x2  
  59  5:32  Probe  
  58  5:41  Stalker x2  
  60  5:43  Mothership Core  
  62  5:51  Stalker x2  
  50  6:25  Probe  
  50  6:26  Stalker, Probe  
  50  6:27  Stalker x3  
  60  6:41  Probe x2  
  60  6:46  Forge  
  62  6:55  Pylon  
  62  6:58  Pylon  
  62  7:07  Forge  
  62  7:08  Twilight Council  
  62  7:14  Probe x2, Immortal  
  68  7:18  Stalker x4  
  72  7:36  Photon Cannon  
  72  7:40  Protoss Ground Weapons Level 1, Photon Cannon  
  72  7:41  Photon Cannon  
  72  7:42  Protoss Ground Armor Level 1  
  72  7:46  Sentry x2  
  72  7:49  Sentry  
  78  8:08  Pylon  
  78  8:10  Pylon  
  78  8:26  Warp Prism  
  80  8:32  Nexus  
  80  8:34  Pylon  
  80  8:36  Pylon  
  80  8:37  Sentry x2  
  80  8:38  Sentry x2  
  88  8:46  Blink  
  88  8:53  Templar Archives  
  86  9:03  Stalker x2  
  90  9:11  Stalker  
  90  9:13  Probe  
  90  9:14  Probe  
  88  9:25  Probe  
  85  9:35  Zealot  
  85  9:36  Zealot x3  
  93  9:44  Probe x3  
  94  10:00  Immortal  
  94  10:04  Probe x3  
  99  10:13  Protoss Ground Armor Level 2, Protoss Ground Weapons Level 2  
  95  10:19  Stargate  
  95  10:22  Stargate  
  95  10:26  Stargate  
  95  10:30  Zealot x2  
  95  10:33  Probe  
  95  10:34  Probe  
  95  10:35  Probe  
  102  10:43  High Templar, Assimilator  
  102  10:44  High Templar  
  102  10:45  Probe  
  100  11:01  Stalker  
  100  11:02  Stalker  
  104  11:07  Photon Cannon  
  104  11:11  Photon Cannon  
  104  11:13  Immortal  
  108  11:19  Archon  
  108  11:21  High Templar  
  108  11:22  High Templar  
  108  11:24  Archon  
  112  11:26  High Templar x2  
  112  11:29  Archon  
  116  11:44  Probe x2  
  118  11:55  Void Ray  
  122  12:10  Assimilator  
  122  12:12  Photon Cannon  
  122  12:16  Gateway  
  122  12:17  Gateway  
  122  12:18  Pylon  
  122  12:21  Gateway, Pylon  
  122  12:28  Void Ray  
  124  12:35  Void Ray  
  126  12:38  Void Ray  
  129  13:10  Stalker  
  129  13:11  Stalker, Void Ray  
  137  13:18  Void Ray  
  139  13:32  Photon Cannon  
  139  13:38  Void Ray  
  139  13:51  Protoss Shields Level 1  
  139  14:07  Charge  
  139  14:11  Stalker  
  141  14:32  Nexus  
  141  14:34  Pylon  
  141  14:37  Pylon  
  141  14:39  Pylon  
  141  14:40  Void Ray, Pylon  
  141  14:43  Pylon  
  141  14:52  Void Ray x2  
  144  15:12  Assimilator  
  130  15:20  Assimilator  
  124  15:23  Photon Cannon  
  106  15:34  Stalker x4  
  106  15:35  Stalker, Void Ray  
  102  15:37  Void Ray x2  
  106  16:03  Stalker x2  
  106  16:04  Stalker x3  
Tags
 
Add a new tag
Caveats
  • Supply blocks, unpowered buildings, or Contaminate may cause inaccurate times.
  • Supply counts are checked every 10 seconds.